 Dungeon Crawl Stone Soup version 0.29.1-2-gbd0b4ee654 (webtiles) character file.

Game seed: 8004524846823325927

51 safid the Shooter (level 3, -10/33 HPs)
             Began as a Minotaur Hunter on Nov 17, 2022.
             Killed by divine providence
             ... invoked by an orc priest
              (13 damage)
             ... on level 2 of the Dungeon.
             The game lasted 00:01:15 (1011 turns).

safid the Shooter (Minotaur Hunter)                 Turns: 1011, Time: 00:01:15

Health: -10/33     AC:  3    Str: 15    XL:     3   Next: 58%
Magic:  2/2        EV: 12    Int:  6    God:
Gold:   131        SH:  0    Dex: 15    Spells: 2/2 levels left

rFire   . . .      SeeInvis .   a - +0 shortbow
rCold   . . .      Faith    .   (shield currently unavailable)
rNeg    . . .      Spirit   .   c - +0 leather armour
rPois   .          Reflect  .   (helmet restricted)
rElec   .          Harm     .   (no cloak)
rCorr   .          Rampage  .   (no gloves)
Will    .....                   (no boots)
Stlth   +.........              (no amulet)
HPRegen 0.11/turn               (no ring)
MPRegen 0.08/turn               (no ring)

@: no status effects
A: horns 2, retaliatory headbutt
a: no special abilities


You were on level 2 of the Dungeon.
You visited 1 branch of the dungeon, and saw 3 of its levels.

You collected 131 gold pieces.

Inventory:

Hand Weapons
 a - a +0 shortbow (weapon)
Armour
 c - a +0 leather armour (worn)
Jewellery
 i - a ring of protection from fire
Scrolls
 b - a scroll of immolation
 j - a scroll of teleportation {unknown}
 k - a scroll of brand weapon {unknown}
Potions
 d - 3 potions of lignification {unknown}
 e - 2 potions of curing {unknown}
 f - a potion of attraction {unknown}
 g - 2 potions of heal wounds {unknown}
 h - 2 potions of brilliance {unknown}


   Skills:
 + Level 3.8 Fighting
 + Level 5.2 Ranged Weapons
 - Level 2.1 Dodging
 - Level 0.7 Stealth


You had 2 spell levels left.
You didn't know any spells.
Your spell library was empty.

Dungeon Overview and Level Annotations

Branches:
Dungeon (3/15)

Altars:


Innate Abilities, Weirdness & Mutations

You have a pair of horns on your head.
You reflexively headbutt those who attack you in melee.


Message History

The orc priest invokes the aid of Beogh against you.
Pain shoots through your body!
The giant cockroach bites you but does no damage.
You shoot an arrow.
The arrow closely misses the giant cockroach.
The orc hits you with a +0 hand axe. The orc priest barely misses you.
You furiously retaliate!
You headbutt the orc priest. The giant cockroach closely misses you.
You shoot an arrow. The arrow hits the giant cockroach.
You kill the giant cockroach!
The orc closely misses you.
The orc priest calls down the wrath of Beogh upon you.
Pain shoots through your body! The orc priest misses you.
The orc hits you with a +0 hand axe.
You shoot an arrow. The arrow hits the orc priest!
The orc priest is heavily wounded.
The orc priest hits you with a +0 morningstar!
The orc hits you with a +0 hand axe.
* * * LOW HITPOINT WARNING * * *
Unknown command.
You are too injured to fight recklessly!
You are too injured to fight recklessly!
You are too injured to fight recklessly!
Unknown command.
The orc hits you with a +0 hand axe.
* * * LOW HITPOINT WARNING * * *
The orc priest closely misses you.
You climb upwards.
There is a stone staircase leading down here.
Unknown command.
Fire: a) +0 shortbow
Press: ? - help, Q - select action Shift-Dir - straight line, f - orc priest
Aim: an orc priest, wielding a +0 morningstar (heavily wounded, 62% to hit)
You shoot an arrow. The arrow hits the orc priest.
The orc priest is severely wounded.
The orc barely misses you. You furiously retaliate!
You headbutt the orc!
You kill the orc!
The orc priest calls down the wrath of Beogh upon you.
Beogh smites you!
You die...

..##....# ####..#.#..#
..##....### #..........#
..##......# ####.##....#
..##.#..#.######.##..###
....).<................#
......#####.##########.#
...)..# #.# #.##....#
......##########)##.####
................@##.#
################.o..# #
#.#### # #.# ### #.# ..#
#(# #.## #.# #..## #.#
....# #.#


You could see an orc priest.

Vanquished Creatures
  A worm (D:2)
  A dart slug (D:1)
  4 orcs
  4 ball pythons
  5 bats
  3 endoplasms
  4 giant cockroaches
  A goblin (D:1)
  3 hobgoblins
  4 jackals (D:1)
  2 quokkas
  A frilled lizard (D:2)
  4 kobolds
  3 rats
40 creatures vanquished.

Notes
Turn   | Place    | Note
-------+----------+-------------------------------------------
     0 | D:1      | safid the Minotaur Hunter began the quest for the Orb.
     0 | D:1      | Reached XP level 1. HP: 18/18 MP: 0/0
   118 | D:1      | Reached XP level 2. HP: 25/25 MP: 1/1
   672 | D:2      | Reached skill level 5 in Ranged Weapons
   672 | D:2      | Reached XP level 3. HP: 31/31 MP: 2/2
  1011 | D:2      | Killed from afar by an orc priest

Illustrated notes

Levels and vault maps discovered:
D:1:      dpeg_arrival_long_road, layout_rooms, serial_aquarium,
          aquarium_bridge_square [aquarium_subvault_bridge,
          aquarium_subvault_bridge, aquarium_subvault_wall,
          aquarium_subvault_window], aquarium_bridge_square
          [aquarium_subvault_bridge, aquarium_subvault_bridge,
          aquarium_subvault_bridge, aquarium_subvault_window],
          aquarium_window_corridor_2, aquarium_window_double,
          aquarium_window_fake, aquarium_window_1, aquarium_view_2e,
          aquarium_balcony_5b, minmay_heptomino_d4
D:2:      layout_basic, chequers_serial_rivers_marsh, minmay_misc_feat_encased
D:3:      layout_basic, nicolae_qazlal_scattered_showers, gammafunk_ghost_split,
          hellmonk_ecumenical_altar_blasted

Skill      XL: |  1  2 |
---------------+-------+-----
Fighting       | 3 |  3.8
Ranged Weapons | 5 |  5.2
Dodging        | |  2.1
Stealth        | |  0.7

Action                   || total
-------------------------++-------
 Fire: Shortbow          ||    92
Armor: Leather armour    ||    16
Dodge: Dodged            ||    35
